 Dungeon Crawl Stone Soup version 0.29.1-13-g9f3cf754e1 (webtiles) character file.

Game seed: 1568031733947353670

783 GigaChad the Chopper (level 7, -2/62 HPs)
             Began as a Minotaur Fighter on Feb 10, 2023.
             Was a Believer of Okawaru.
             Slain by a gnoll bouda
             ... wielding a +0 club
              (6 damage)
             ... on level 5 of the Dungeon.
             The game lasted 00:05:51 (4173 turns).

GigaChad the Chopper (Minotaur Fighter)             Turns: 4173, Time: 00:05:52

Health: -2/62      AC:  7    Str: 23    XL:     7   Next: 55%
Magic:  6/6        EV: 10    Int:  5    God:    Okawaru [**....]
Gold:   203        SH:  4    Dex:  9    Spells: 6/6 levels left

rFire   . . .      SeeInvis .   a - +0 war axe
rCold   . . .      Faith    .   c - +0 buckler
rNeg    . . .      Spirit   .   b - +0 scale mail
rPois   .          Reflect  .   (helmet restricted)
rElec   .          Harm     .   (no cloak)
rCorr   .          Rampage  .   (no gloves)
Will    .....                   (no boots)
Stlth   ..........              (no amulet)
HPRegen 0.20/turn               (no ring)
MPRegen 0.10/turn               (no ring)

@: weakened
A: horns 2, retaliatory headbutt
a: Renounce Religion, Heroism


You were on level 5 of the Dungeon.
You worshipped Okawaru.
Okawaru was pleased with you.
You visited 2 branches of the dungeon, and saw 6 of its levels.

You collected 203 gold pieces.

Inventory:

Hand Weapons
 a - a +0 war axe (weapon)
Missiles
 y - 3 silver javelins (quivered)
Armour
 b - a +0 scale mail (worn)
 c - a +0 buckler (worn)
Jewellery
 h - a ring of protection from fire
 z - an amulet of guardian spirit
Wands
 l - a wand of flame (19)
 r - a wand of charming (16)
Scrolls
 f - 4 scrolls of identify {unknown}
 i - a scroll of enchant armour {unknown}
 j - a scroll of butterflies {unknown}
 k - a scroll of noise {unknown}
 n - a scroll of fear {unknown}
 o - 2 scrolls of magic mapping {unknown}
 q - a scroll of enchant weapon {unknown}
 u - 2 scrolls of teleportation {unknown}
 w - a scroll of brand weapon {unknown}
 x - a scroll of torment {unknown}
Potions
 d - 5 potions of might
 e - 2 potions of lignification {unknown}
 g - 4 potions of curing {unknown}
 m - a potion of mutation {unknown}
 p - 3 potions of haste {unknown}
 s - a potion of berserk rage {unknown}
 t - a potion of brilliance {unknown}
 v - a potion of heal wounds {unknown}


   Skills:
 + Level 5.7 Fighting
 + Level 7.0 Axes
 + Level 5.9 Armour
 + Level 2.2 Dodging
 + Level 0.3 Stealth
 + Level 4.6 Shields


You had 6 spell levels left.
You didn't know any spells.
Your spell library contained the following spells:

 Spells                   Type           Power      Damage    Failure   Level
 Magic Dart               Conj           0%         1d3       86%         1
 Searing Ray              Conj           0%         2d4       94%         2
 Conjure Flame            Conj/Fire      0%         6-21      99%         3
 Ignite Poison            Fire/Tmut/Pois 0%         N/A       99%         3
 Fulminant Prism          Conj/Hex       0%         3d6       100%        4
 Sticky Flame             Conj/Fire      0%         2d3       100%        4


Dungeon Overview and Level Annotations

Branches:
Dungeon (5/15)             Temple (1/1) D:5

Altars:
Ashenzari
Cheibriados
Elyvilon
Gozag
Hepliaklqana
Makhleb
Nemelex Xobeh
Okawaru
Ru
Sif Muna
Wu Jian
Yredelemnul
The Shining One


Innate Abilities, Weirdness & Mutations

You have a pair of horns on your head.
You reflexively headbutt those who attack you in melee.


Message History

You furiously retaliate!
You headbutt the gnoll!
You kill the gnoll!
Okawaru accepts your kill.
The gnoll hits you from afar with a +0 spear.
* * * LOW HITPOINT WARNING * * *
The gnoll bouda barks out a call to the hunt!
The gnolls pick up the pace!
The scorpion stings you but does no damage.
The gnoll hits you but does no damage. The gnoll attacks as you move away!
You block the gnoll's attack. The gnoll closely misses you.
You furiously retaliate!
You headbutt the gnoll.
The gnoll hits you from afar with a +0 spear.
* * * LOW HITPOINT WARNING * * *
The gnoll hits you but does no damage.
The scorpion stings you but does no damage.
There is an escape hatch in the floor here.
The gnoll attacks as you move away! The gnoll barely misses you.
You block the gnoll's attack. x2
You closely miss the gnoll. You headbutt the gnoll!
You kill the gnoll!
Okawaru accepts your kill.
You hit the scorpion. You barely miss the gnoll bouda.
The gnoll bouda gazes fiercely through you!
You feel as though you will be weak longer.
The gnoll bouda hits you with a +0 club!
* * * LOW HITPOINT WARNING * * *
The scorpion stings you but does no damage.
The gnoll barely misses you. You furiously retaliate!
You headbutt the gnoll. You block the gnoll's attack.
Your life force feels restored.
You hit the gnoll.
The gnoll is almost dead.
You slash the scorpion!
You kill the scorpion!
Okawaru accepts your kill.
You barely miss the gnoll bouda.
The gnoll bouda gazes fiercely through you!
You feel as though you will be weak longer.
The gnoll bouda hits you with a +0 club.
You die...

.# .# .. #. ..#. .#
..####.### .... .#
.........###..##. ....
.......#...........
<...##......#......$....
..###....#..............
.........#.....†.......#
........)..##..g@.....#
............g......#
<........#?...)g......#
.........##.............#
...##.............####..##
...................# ....
...##.#..#........##....#
......#..............###.
#....#.................#


You could see a gnoll bouda and 2 gnolls.

Vanquished Creatures
  An ice beast (D:5)
  A phantom (D:5)
  4 scorpions
  A hound (D:4)
  A jelly (D:4)
  2 iguanas
  Natasha (thrice) (D:3)
  A mummy (D:3)
  6 adders
  10 gnolls
  A white imp (D:5)
  2 worms (D:2)
  A dart slug (D:1)
  An orc (D:3)
  8 endoplasms
  A giant cockroach (D:2)
  7 goblins
  5 hobgoblins
  14 jackals
  4 quokkas
  3 ball pythons
  4 bats
  2 frilled lizards
  4 kobolds
  5 rats
92 creatures vanquished.

Notes
Turn   | Place    | Note
-------+----------+-------------------------------------------
     0 | D:1      | GigaChad the Minotaur Fighter began the quest for the Orb.
     0 | D:1      | Reached XP level 1. HP: 19/19 MP: 0/0
   164 | D:1      | Reached XP level 2. HP: 27/27 MP: 1/1
   795 | D:2      | Reached skill level 3 in Axes
   802 | D:2      | Reached XP level 3. HP: 26/33 MP: 2/2
  1444 | D:3      | Found a faded altar of an unknown god.
  1465 | D:3      | Reached XP level 4. HP: 39/41 MP: 3/3
  1845 | D:3      | Noticed Natasha
  1851 | D:3      | Killed Natasha
  1852 | D:3      | Reached skill level 4 in Axes
  2068 | D:3      | Noticed Natasha
  2074 | D:3      | Killed Natasha
  2075 | D:3      | Reached XP level 5. HP: 46/47 MP: 4/4
  2091 | D:3      | Prayed at the altar of an unknown god.
  2091 | D:3      | Became a worshipper of Warmaster Okawaru
  2091 | D:3      | Reached * piety under Okawaru
  2237 | D:3      | Noticed Natasha
  2246 | D:3      | Killed Natasha
  2304 | D:3      | Found a snail-covered altar of Cheibriados.
  2692 | D:4      | Reached skill level 5 in Axes
  2692 | D:4      | Reached skill level 5 in Armour
  2692 | D:4      | Reached skill level 1 in Dodging
  2864 | D:4      | Reached XP level 6. HP: 49/55 MP: 5/5
  2866 | D:4      | Reached skill level 5 in Fighting
  3496 | D:5      | Entered Level 5 of the Dungeon
  3536 | D:5      | Noticed an ice beast
  3546 | D:5      | Killed an ice beast
  3546 | D:5      | Reached ** piety under Okawaru
  3547 | D:5      | Reached skill level 6 in Axes
  3549 | D:5      | Reached XP level 7. HP: 33/61 MP: 6/6
  3811 | D:5      | Found a broken altar of Ashenzari.
  3827 | D:5      | Found a staircase to the Ecumenical Temple.
  3990 | Temple   | Entered the Ecumenical Temple
  4166 | D:5      | Reached skill level 7 in Axes
  4173 | D:5      | Slain by a gnoll bouda

Illustrated notes

Levels and vault maps discovered:
D:1:      amcnicky_arrival_gap_in_the_tavern_cellar, layout_basic
D:2:      layout_basic
D:3:      layout_basic, chei_slow_surprise,
          shapermc_ecumenical_altar_starsandcircs,
          chequers_serial_rivers_micro_a, uniq_natasha
D:4:      minmay_inner_zag, layout_basic, hangedman_abyss_or_decor_stagger
D:5:      layout_cave_pools, vehumet_statue, nicolae_ashenzari_skybound,
          minmay_temple_entry_glass, grunt_decor_cap, kennysheep_generic_room_6
Temple:   nicolae_temple_ecumenical_triangle

Skill      XL: |  1  2  3  4  5  6  7 |
---------------+----------------------+-----
Armour         | 4 5 |  5.9
Fighting       | 4 5 |  5.7
Axes           | 3 4 5 6 7 |  7.0
Shields        | 4 |  4.6
Dodging        | 1 2 |  2.2
Stealth        | |  0.3

Action                   |  1- 3 |  4- 6 |  7- 9 || total
-------------------------+-------+-------+-------++-------
Melee: War axe           |    79 |    79 |    32 ||   190
       Headbutt          |     7 |    17 |     5 ||    29
Armor: Scale mail        |    47 |    39 |    22 ||   108
Dodge: Dodged            |    52 |    34 |    37 ||   123
Block: Buckler           |    19 |    22 |    15 ||    56
